denizen, chaotic male elven Priest G ... ....- ---- ..<.-- |..| ....... --..| ...)... |...| .... .....-- ---.--- .......---- -.....| |...| ...G......|.. -...|)----.--- ..@f.............)|......| --).............----..--- ---..^.........| |..| |..|. -.....-- ---- ---- -.....| |......| |..|.--- ------ denizen the Acolyte Experience level: 5 Strength: 10 Dexterity: 15 Constitution: 11 Intelligence: 13 Wisdom: 16 Charisma: 10 Health: 0(37) Energy: 70(78) Def: 11 Gold: 239 Moves: 2484 Dungeon seed: Z3kraSD1a60ULZgq Game ID: denizen_1615835941 Your Inventory: Coins $ - 239 gold pieces Weapons a - a blessed +1 mace (weapon in hand) A - 9 +0 darts D - a +0 elven dagger E - 10 +0 arrows (in quiver) F - a +0 bow (alternate weapon; not wielded) Armor e - a +0 robe (being worn) n - a +0 small shield (being worn) r - a +0 dwarvish cloak J - a +0 dwarvish iron helm (being worn) K - a blessed +0 pair of iron shoes (being worn) Y - a +0 dwarvish cloak Comestibles c - a clove of garlic d - a sprig of wolfsbane t - a fortune cookie v - a tripe ration z - a food ration G - 3 slime molds Scrolls j - a cursed scroll of identify Spellbooks f - a spellbook of protection g - a spellbook of extra healing m - a blessed spellbook of blank paper Potions b - 4 potions of holy water Rings o - a ring of teleport control (on left hand) u - a ring of levitation Tools h - a tooled horn x - a magic marker (0:42) I - a +0 pick-axe L - a tallow candle (0:200) O - a towel R - a partly used tallow candle (lit) (0:133) Gems q - a jasper stone y - 4 worthless pieces of blue glass N - a worthless piece of green glass Spells and supernatural/magical abilities: Name Level Category Fail Memory p - protection 1 clerical 0% 88% x - extra healing 3 healing 97% 88% G - detect treasure 4 divination 100% 90% W - pray for help -- divine ? -- X - turn undead -- divine ? -- Your skills at the end: Fighting Skills Weapon Skills mace [Basic] Spellcasting Skills clerical spells [Basic] Final Attributes: You were piously aligned. You were sleep resistant. You had infravision. You had teleport control. You were protected. You are dead. Vanquished creatures: 2 gnome lords a little dog 3 dwarves a hill orc a giant bat 2 dwarf zombies a werejackal an iguana an acid blob a coyote a hobbit 2 giant rats a yellow mold 11 gnomes a gecko 16 jackals a fox a kobold 2 goblins 2 sewer rats 2 grid bugs 5 lichens 6 newts 65 creatures vanquished. Voluntary challenges: You used a wielded weapon 62 times, starting on turn 12. You read items or engraved 16 times, starting on turn 345. You never genocided any monsters. You never polymorphed an object. You never changed form. You used no wishes. You never split a pudding. You never wrote Elbereth's name. You never violated your personal moral code. Dungeon overview: The Dungeons of Doom: levels 1 to 4 Level 1 a sink a long staircase Level 2 a fountain stairs to The Gnomish Mines Level 3 a fountain Level 4 The Gnomish Mines: levels 3 to 4 Level 3 stairs to The Dungeons of Doom Level 4 <- You were here History has recorded: On T:1 you entered the Dungeons of Doom to retrieve the Amulet of Yendor! On T:228 you advanced to experience level 2. On T:484 you reached level 2 of The Dungeons of Doom. On T:910 you reached level 4 of The Dungeons of Doom. On T:1154 you reached level 3 of The Dungeons of Doom. On T:1202 you advanced to experience level 3. On T:1758 you reached level 1 of The Gnomish Mines. On T:1789 you advanced to experience level 4. On T:1890 you advanced to experience level 5. On T:2362 you reached level 2 of The Gnomish Mines. Score breakdown: Gold: 239 ( 8096 points) Experience: 5 levels (11141 points) Exploration: 4 levels ( 8.70%) ( 7745 points) Discoveries: 4 items ( 1.40%) ( 3547 points) Valuables value: (no points given unless you survive) Artifact value: 0 ( 0 points) Variety of kills: 23 monsters ( 6.04%) ( 7370 points) Turncount: 2484 turns ( -321 points) Survival: died (score multiplied by 80%) Total score: 30062 Latest messages: You smell a peculiar odor... It suddenly gets dark. You hear some noises. It misses. You can see again. Qwerty misses the gnome lord. The gnome lord swings his thonged club. The gnome lord hits! Qwerty bites the gnome lord. The gnome lord swings his thonged club at Qwerty. The gnome lord misses Qwerty. You hit the gnome king! Qwerty misses the gnome lord. The gnome king hits! The gnome lord swings his thonged club. The gnome lord hits! You miss the gnome king. Qwerty bites the gnome lord. The gnome lord is killed! The gnome king hits! You hit the gnome king! Qwerty eats a gnome lord corpse. The gnome king drinks a cursed dark potion! The gnome king looks completely healed. The gnome king hits! You die... Final status: Goodbye denizen the Priest, killed by a gnome king... You died in The Gnomish Mines on dungeon level 4 with 30062 points, and 239 pieces of gold, after 2484 moves. You were level 5 with a maximum of 37 hit points when you died.